 Dungeon Crawl Stone Soup version 0.31.0-32-g396128a36d (webtiles) character file.

Game seed: 15701122635156385804

21554 Tovical the Bludgeoner (level 12, 0/77 HPs)
             Began as a Gargoyle Fighter on Mar 15, 2024.
             Was a Priest of Zin.
             Slain by a wolf spider (16 damage)
             ... on level 3 of the Lair of Beasts.
             The game lasted 00:55:43 (13799 turns).

Tovical the Bludgeoner (Gargoyle Fighter)          Turns: 13799, Time: 00:55:45

Health: 0/77       AC: 28    Str: 22    XL:     12   Next: 91%
Magic:  27/27      EV: 10    Int: 10    God:    Zin [***...]
Gold:   480        SH:  0    Dex:  9    Spells: 11/11 levels left

rFire   . . .        G - +2 whip (elec)
rCold   + . .        (no shield)
rNeg    + + .        E - +2 chain mail {Will+}
rPois   ∞            l - +2 helmet
rElec   +            v - +1 cloak
rCorr   .            o - +2 pair of gloves {Stlth+}
SInv    .            (no boots)
Will    +....        (no amulet) Stlth
                     j - ring of positive energy
HPRegen 0.32/turn    I - ring of Axeov {rC+ MP+9 Int-2 Slay+5}
MPRegen 0.20/turn

%: no passive effects
@: studying Dodging
A: sickness immunity, AC +8, negative energy resistance 1, electricity
resistance, torment resistance 1, petrification resistance
a: Renounce Religion, Recite, Vitalisation, Imprison, Donate Gold


You were on level 3 of the Lair of Beasts.
You worshipped Zin.
Zin was most pleased with you.
You visited 3 branches of the dungeon, and saw 16 of its levels.
You also visited: Gauntlet.

You collected 824 gold pieces.
You spent 282 gold pieces at shops.
You donated 62 gold pieces to Zin.

Inventory:

Hand Weapons
 a - a +2 morningstar
 b - a +1 dire flail of holy wrath
 g - a +2 sling of flaming
 w - the +12 hand axe "Plojy" {speed, Int+3}
   (You found it on level 6 of the Dungeon)

   Int+3:     It affects your intelligence (+3).
 x - a +2 whip of venom
 C - a +0 whip of freezing
 G - a +2 whip of electrocution (weapon)
 L - the +5 spear "Sesurgh" {spect, +Blink}
   (You found it in a Gauntlet)

   +Blink:    It lets you blink.
Missiles
 A - 2 curare-tipped darts
 N - 34 stones
Armour
 l - a +2 helmet (worn)
 o - a +2 pair of gloves of stealth (worn)
 v - a +1 cloak (worn)
 E - a +2 chain mail of willpower (worn)
Jewellery
 h - a ring of ice
 j - a ring of positive energy (left hand)
 q - a ring of ice
 I - the ring of Axeov (right hand) {rC+ MP+9 Int-2 Slay+5}
   (You found it in a Gauntlet)

   [ring of magical power]

   Int-2:     It affects your intelligence (-2).
   Slay+5:    It affects your accuracy & damage with ranged weapons and melee
   (+5).
   rC+:       It protects you from cold.
   MP+9:      It affects your magic capacity (+9).
Wands
 p - a wand of paralysis (15)
 J - a wand of roots (8)
 O - a wand of quicksilver (4)
Scrolls
 e - 6 scrolls of identify
 r - 3 scrolls of blinking
 s - 5 scrolls of teleportation
 t - 4 scrolls of fear
 y - a scroll of poison
 D - a scroll of revelation
 H - a scroll of summoning
Potions
 c - 2 potions of berserk rage
 d - 3 potions of might
 f - 10 potions of curing
 i - 3 potions of haste
 k - a potion of mutation
 m - a potion of invisibility
 n - 2 potions of enlightenment
 u - a potion of brilliance
 z - 3 potions of magic
 B - 3 potions of attraction
 F - a potion of ambrosia
 M - a potion of heal wounds
Miscellaneous
 K - a lightning rod (2/4)


   Skills:
 + Level 9.8 Fighting
 - Level 16.0 Maces & Flails
 - Level 3.2 Armour
 + Level 8.9 Dodging
 - Level 3.2 Shields
 + Level 9.0 Invocations


You had 11 spell levels left.
You didn't know any spells.
Your spell library contained the following spells:

 Spells                   Type           Power      Damage    Failure   Level
 Freeze                   Ice            0%         1d3       94%         1
 Ensorcelled Hibernation  Hex/Ice        0%         N/A       98%         2
 Lesser Beckoning         Tloc           0%         N/A       98%         2
 Static Discharge         Conj/Air       0%         3-3/arc   98%         2
 Dazzling Flash           Conj/Hex       0%         N/A       100%        3
 Frozen Ramparts          Ice            0%         1d1       100%        3
 Fugue of the Fallen      Necr           0%         N/A       100%        3
 Gell's Gravitas          Tloc           0%         N/A       100%        3
 Hailstorm                Conj/Ice       0%         3d5       100%        3
 Mephitic Cloud           Conj/Alch/Air  0%         N/A       100%        3
 Passwall                 Erth           0%         N/A       100%        3
 Stone Arrow              Conj/Erth      0%         3d7       100%        3
 Swiftness                Air            0%         N/A       100%        3
 Teleport Other           Tloc           0%         N/A       100%        3
 Anguish                  Hex/Necr       0%         N/A       100%        4
 Animate Armour           Summ/Erth      0%         N/A       100%        4
 Leda's Liquefaction      Alch/Erth      0%         N/A       100%        4
 Petrify                  Alch/Erth      0%         N/A       100%        4
 Arcjolt                  Conj/Air       0%         1d10      100%        5
 Curse of Agony           Necr           0%         N/A       100%        5
 Metabolic Englaciation   Hex/Ice        0%         N/A       100%        5
 Silence                  Hex/Air        0%         N/A       100%        5
 Lehudib's Crystal Spear  Conj/Erth      0%         10d2      100%        8
 Cigotuvi's Dreadful Rot  Necr/Alch/Air  Unusable   N/A       N/A         2

Dungeon Overview and Level Annotations

Branches:
Dungeon (11/15)            Temple (1/1) D:5            Lair (4/5) D:10
  Swamp (0/4) Lair:3       Spider (0/4) Lair:3      Gauntlet (visited)
  Slime: Lair:4-5       Orc: D:9-12

Altars:
Ashenzari
Cheibriados
Dithmenos
Elyvilon
Fedhas
Gozag
Hepliaklqana
Kikubaaqudgha
Makhleb
Nemelex Xobeh
Okawaru
Qazlal
Ru
Sif Muna
Trog
Uskayaw
Vehumet
Wu Jian
Xom
Yredelemnul
Zin
The Shining One

Shops:
D:5 !   D:9 *


Innate Abilities, Weirdness & Mutations

You are immune to sickness and miasma.
Your stone body is resilient. (AC +8)
You are immune to poison.
You resist negative energy. (rN+)
You are resistant to electric shocks. (rElec)
You are resistant to unholy torment.
You are immune to petrification.


Message History

You hit the wolf spider but do no damage.
The wolf spider is moderately wounded.
The wolf spider hits you but does no damage.
The wolf spider barely misses you.
You barely miss the wolf spider.
The wolf spider is moderately wounded.
The wolf spider hits you. The wolf spider bites you.
You barely miss the wolf spider.
The wolf spider is moderately wounded.
The wolf spider hits you but does no damage.
The wolf spider bites you but does no damage.
You hit the wolf spider but do no damage.
The wolf spider is moderately wounded.
The wolf spider hits you.
The wolf spider bites you but does no damage.
You whack the wolf spider!
The wolf spider is heavily wounded.
You whack the wolf spider!
The wolf spider is severely wounded.
The wolf spider hits you but does no damage.
The wolf spider bites you but does no damage.
The jumping spider pounces on you but does no damage.
The jumping spider closely misses you.
You hit the wolf spider.
The wolf spider is severely wounded.
The wolf spider hits you!
The wolf spider bites you but does no damage.
You are too injured to fight recklessly!
You are too injured to fight recklessly!
You are too injured to fight recklessly!
The jumping spider pounces on you.
You are caught in a web!
The jumping spider bites you.
There is a web here.
The web tears apart.
The wolf spider hits you.
* * * LOW HITPOINT WARNING * * *
The wolf spider closely misses you. The jumping spider barely misses you.
The jumping spider bites you.
* * * LOW HITPOINT WARNING * * *
The wolf spider hits you!
You die...

## ##.. ### #########
##..^# ###
##.#######...##..####P.^#..
#^.
................@s......^^^
#^.
...........###..#s#...#^#.#
#^.
...........P######....^^.#
^.. ............##
#.....##. > #^.
...........#.# #....#..°s.
.^^ ..........##.###
##...#^..# ^.^
.###.P#####.<..#
#.......### ###. ## ####
#.......###.....#.#.#.#.#
##....⌠....#...P.## .^.#


You could see a wolf spider and a jumping spider.

Vanquished Creatures
  An eleionoma (Lair:3)
  A minotaur (Gauntlet)
  3 hydras (Lair:3)
  A two-headed ogre (D:9)
  3 death yaks (Lair:3)
  An orange crystal statue (Gauntlet)
  Pikel (D:7)
  A cyclops (D:10)
  A moth of wrath (Gauntlet)
  6 cane toads
  6 komodo dragons
  A hornet (D:9)
  12 blink frogs
  A wraith (D:9)
  7 wyverns
  A basilisk (Lair:2)
  18 yaks
  A steam dragon (D:6)
  Edmund (D:4)
  2 water moccasins
  5 orc warriors
  2 black bears
  An ice beast (D:7)
  2 ogres
  4 centaurs
  10 wolves
  A phantom (D:6)
  A lemure (D:7)
  3 kobold brigands
  5 bullfrogs
  4 scorpions
  8 killer bees
  A howler monkey (D:8)
  2 bombardier beetles
  5 hounds
  2 jellies (D:5)
  7 orc priests
  A gnoll bouda (D:6)
  Crazy Yiuf (D:3)
  2 sleepcaps
  4 iguanas
  8 orc wizards
  11 gnolls
  10 adders
  2 white imps
  2 ufetubi (D:5)
  2 dart slugs
  2 ribbon worms (D:2)
  28 orcs
  3 ball pythons
  4 bats
  7 endoplasms
  2 giant cockroaches
  6 goblins
  7 hobgoblins
  4 jackals (D:5)
  6 quokkas
  3 frilled lizards
  24 kobolds
  6 rats
277 creatures vanquished.

Notes
Turn   | Place    | Note
-------+----------+-------------------------------------------
     0 | D:1      | Tovical the Gargoyle Fighter began the quest for the Orb.
     0 | D:1      | Reached XP level 1. HP: 14/14 MP: 1/1
   225 | D:2      | Reached XP level 2. HP: 19/19 MP: 2/2
   312 | D:1      | Reached skill level 3 in Maces & Flails
   672 | D:2      | Reached XP level 3. HP: 9/23 MP: 3/3
  1299 | D:2      | Identified the +0 quarterstaff "Jasiti" {holy, Int+4}
  1412 | D:3      | Got the Writings on the Floating Serac
  1422 | D:3      | Found a bloodstained altar of Trog.
  1496 | D:3      | Reached skill level 4 in Maces & Flails
  1588 | D:3      | Reached XP level 4. HP: 28/28 MP: 4/4
  1665 | D:3      | Found a runed translucent door.
  1666 | D:3      | Noticed Crazy Yiuf
  1675 | D:3      | Killed Crazy Yiuf
  2177 | D:3      | Reached skill level 5 in Maces & Flails
  2177 | D:3      | Reached XP level 5. HP: 18/32 MP: 5/5
  2470 | D:4      | Reached skill level 6 in Maces & Flails
  2543 | D:4      | Reached XP level 6. HP: 37/37 MP: 6/6
  2551 | D:5      | Entered Level 5 of the Dungeon
  2575 | D:5      | Found Heahag's Distillery.
  2781 | D:4      | Found a glowing golden altar of the Shining One.
  2854 | D:4      | Found a sacrificial altar of Ru.
  2866 | D:4      | Found an opulent altar of Gozag.
  2918 | D:4      | Found a basalt altar of Yredelemnul.
  3015 | D:4      | Noticed Edmund
  3027 | D:4      | Killed Edmund
  3028 | D:4      | Reached skill level 7 in Maces & Flails
  3189 | D:5      | Bought a potion of might for 40 gold pieces
  3189 | D:5      | Bought a potion of curing for 30 gold pieces
  3189 | D:5      | Bought a potion of curing for 30 gold pieces
  3189 | D:5      | Bought 2 potions of berserk rage for 100 gold pieces
  3244 | D:5      | Reached XP level 7. HP: 41/41 MP: 7/7
  3279 | D:5      | Found a snail-covered altar of Cheibriados.
  3390 | D:5      | Reached skill level 8 in Maces & Flails
  3453 | D:5      | Found a staircase to the Ecumenical Temple.
  3462 | Temple   | Entered the Ecumenical Temple
  3773 | D:5      | Identified the +9 mace of the Final Decision {drain, rF+++
                  | Str-3 Dex+4}
  4227 | D:5      | Reached skill level 9 in Maces & Flails
  4227 | D:5      | Reached XP level 8. HP: 41/46 MP: 8/8
  4269 | D:6      | Found an ancient bone altar of Kikubaaqudgha.
  4273 | D:6      | Found a sparkling altar of Nemelex Xobeh.
  4276 | D:6      | Found a burning altar of Makhleb.
  4278 | D:6      | Found an ornate altar of the Wu Jian Council.
  4282 | D:6      | Found a radiant altar of Vehumet.
  4285 | D:6      | Found a shimmering altar of Xom.
  4289 | D:6      | Found a glowing silver altar of Zin.
  4289 | D:6      | Noticed a yak
  4289 | D:6      | Noticed a yak
  4289 | D:6      | Noticed a yak
  4289 | D:6      | Noticed a yak
  4295 | D:6      | Noticed a yak
  4315 | D:6      | Killed a yak
  4323 | D:6      | Killed a yak
  4328 | D:6      | Killed a yak
  4329 | D:6      | Reached skill level 10 in Maces & Flails
  4459 | D:6      | Killed a yak
  4468 | D:6      | Killed a yak
  4469 | D:6      | Reached skill level 11 in Maces & Flails
  4576 | D:6      | Became a worshipper of Zin the Law-Giver
  4576 | D:6      | Reached * piety under Zin
  4641 | D:6      | Reached XP level 9. HP: 51/51 MP: 9/9
  4867 | D:6      | Identified the +12 hand axe "Plojy" {speed, Int+3}
  4965 | D:6      | Reached skill level 12 in Maces & Flails
  5518 | D:6      | Found a hide-covered altar of Uskayaw.
  5937 | D:7      | Reached ** piety under Zin
  6194 | D:7      | Reached skill level 13 in Maces & Flails
  6389 | D:7      | Noticed Pikel
  6419 | D:7      | Killed Pikel
  6420 | D:7      | Reached XP level 10. HP: 51/56 MP: 10/10
  6510 | D:7      | Reached skill level 14 in Maces & Flails
  7212 | D:9      | Found Siashoas's General Store.
  7473 | D:8      | Found an iron altar of Okawaru.
  7754 | D:9      | Bought a scroll of blinking for 82 gold pieces
  7764 | D:10     | Entered Level 10 of the Dungeon
  7817 | D:8      | Reached skill level 15 in Maces & Flails
  8018 | D:9      | Reached skill level 1 in Invocations
  8896 | D:9      | Noticed a two-headed ogre
  8909 | D:9      | Killed a two-headed ogre
  9063 | D:10     | Reached skill level 5 in Fighting
  9063 | D:10     | Reached XP level 11. HP: 51/63 MP: 13/13
  9350 | D:10     | Found a staircase to the Lair.
  9355 | D:11     | Noticed a cyclops
  9362 | D:10     | Killed a cyclops
  9363 | D:10     | Reached skill level 1 in Dodging
  9503 | D:10     | Found a stormy altar of Qazlal.
  9901 | Lair:1   | Entered Level 1 of the Lair of Beasts
 10103 | Lair:1   | Reached skill level 5 in Invocations
 10190 | Lair:1   | Found a gate leading to a gauntlet.
 10203 | Gauntlet | Entered a Gauntlet
 10203 | Gauntlet | Found a transporter.
 10207 | Gauntlet | Noticed a necromancer
 10212 | Gauntlet | Found a transporter.
 10227 | Gauntlet | Found a transporter.
 10232 | Gauntlet | Found a transporter.
 10234 | Gauntlet | Noticed a necromancer
 10242 | Gauntlet | Noticed a death yak
 10242 | Gauntlet | Noticed a death yak
 10245 | Gauntlet | Noticed a death yak
 10246 | Gauntlet | Noticed a death yak
 10246 | Gauntlet | Noticed a death yak
 10247 | Gauntlet | Found a transporter.
 10247 | Gauntlet | Noticed a death yak
 10262 | Gauntlet | Noticed a green death
 10266 | Gauntlet | Found a transporter.
 10277 | Gauntlet | Noticed a thrashing horror
 10278 | Gauntlet | Found a transporter.
 10279 | Gauntlet | Noticed a thrashing horror
 10290 | Gauntlet | Found a transporter.
 10290 | Gauntlet | Noticed a thrashing horror
 10302 | Gauntlet | Found a transporter.
 10302 | Gauntlet | Noticed an orange crystal statue
 10317 | Gauntlet | Found a transporter.
 10322 | Gauntlet | Noticed a fire crab
 10331 | Gauntlet | Found a transporter.
 10349 | Gauntlet | Found a transporter.
 10351 | Gauntlet | Found a transporter.
 10354 | Gauntlet | Noticed a moth of wrath
 10376 | Gauntlet | Found a transporter.
 10378 | Gauntlet | Found a transporter.
 10398 | Gauntlet | Found a transporter.
 10476 | Gauntlet | Found a transporter.
 10496 | Gauntlet | Found a transporter.
 10772 | Gauntlet | Killed a moth of wrath
 10894 | Gauntlet | Killed an orange crystal statue
 10903 | Gauntlet | Identified the ring of Axeov {rC+ MP+9 Int-2 Slay+5}
 10926 | Gauntlet | Identified the +3 battleaxe "Arozxyme" {drain, Stlth+}
 10926 | Gauntlet | Noticed a minotaur
 10937 | Gauntlet | Killed a minotaur
 10939 | Gauntlet | Reached *** piety under Zin
 11061 | Gauntlet | Identified the +5 spear "Sesurgh" {spect, +Blink}
 11187 | Lair:1   | Reached skill level 5 in Dodging
 11300 | Lair:1   | Reached skill level 16 in Maces & Flails
 11833 | Lair:2   | Reached **** piety under Zin
 11846 | Lair:2   | Reached XP level 12. HP: 59/72 MP: 16/16
 12615 | Lair:3   | Noticed a seven-headed hydra
 12631 | Lair:3   | Killed a seven-headed hydra
 12849 | Lair:3   | Found a staircase to the Swamp.
 12850 | Lair:3   | Noticed an eleionoma
 12863 | Lair:3   | Killed an eleionoma
 12868 | Lair:3   | Noticed a five-headed hydra
 12876 | Lair:3   | Killed a five-headed hydra
 13174 | Lair:3   | Noticed a death yak
 13291 | Lair:3   | Noticed a death yak
 13307 | Lair:3   | Killed a death yak
 13312 | Lair:3   | Noticed a death yak
 13334 | Lair:3   | Killed a death yak
 13340 | Lair:3   | Killed a death yak
 13610 | Lair:3   | Noticed a six-headed hydra
 13627 | Lair:3   | Killed a six-headed hydra
 13778 | Lair:3   | Found a hole to the Spider Nest.
 13799 | Lair:3   | Slain by a wolf spider

Illustrated notes

Levels and vault maps discovered:
D:1:      beargit_arrival_greenhouse, layout_basic, serial_park_tiny_2,
          amcnicky_mini_pool_small
D:2:      layout_loops_ring, minivault_5
D:3:      minmay_general_purpose_star, layout_basic,
          mainiacjoe_overflow_six_doors_small, kennysheep_orc_chapel,
          uniq_crazy_yiuf_cottage
D:4:      layout_rooms, mainiacjoe_overflow_surrounded_room, minitemple,
          mainiacjoe_overflow_brackets, hangedman_glass_teeth, uniq_edmund
D:5:      nicolae_BIG_FREAKIN_CUBE, layout_cave_pools, slow_altar_1,
          temple_hall, serial_co_window_serial, co_window_paths_b,
          co_window_corner_a, co_window_of_opportunity_a, co_window_paths_b,
          co_window_paths_b, co_window_unsneaky_path_e,
          co_window_unsneaky_path_d, co_window_unsneaky_path_a,
          co_window_of_opportunity_b, co_window_unsneaky_path_a,
          co_window_corner_cb, glass_columns_a, glass_columns_a, serial_shops,
          shop_coins, eino_tiny_chamber
D:6:      layout_loops_ring, nicolae_overflow_hallway_of_the_gods,
          nicolae_overflow_hidden_temple
D:7:      layout_basic, uniq_pikel
D:8:      layout_basic, okawaru_ov_weapons_minmay
D:9:      layout_layer_cave, serial_shops, nicolae_diamond_shop
D:10:     layout_small_grid, nicolae_qazlal_scattered_showers, lair_entry_dummy,
          serial_glass, glass_columns_c, glass_columns_a, glass_columns_a,
          glass_columns_a, glass_columns_a, glass_columns_c, item_on_display_a,
          item_on_display_a, hangedman_decor_riveting,
          hangedman_decor_peaks_small
D:11:     layout_irregular_city, uniq_gastronok
Temple:   nicolae_temple_superstar
Lair:1:   layout_hall_layers, gauntlet_entry_generic
Lair:2:   layout_roguey, minmay_stone_trees_small
Lair:3:   layout_chaotic_city, alex1729_swamp_entry_worm_eleionoma,
          spider_nest_entry_rubble, nicolae_lair_lindhole, grunt_megastairs_5,
          infiniplex_staircase_pool
Lair:4:   layout_hall_layers, slime_entry_1, uniq_urug

Skill      XL: |  1  2  3  4  5  6  7  8  9 10 11 12 |
---------------+-------------------------------------+-----
Maces & Flails | 3 4 5 6 7 9 11 13 15 16 | 16.0
Invocations    | 3 6 9 |  9.0
Fighting       | 5 7 9 |  9.8
Dodging        | 5 8 |  8.9
Armour         | |  3.2
Shields        | |  3.2

Action                     |  1- 3 |  4- 6 |  7- 9 | 10-12 || total
---------------------------+-------+-------+-------+-------++-------
  Melee: Flail             |   130 |    33 |       |       ||   163
         Morningstar       |       |   122 |    94 |       ||   216
         Punch             |       |       |     3 |     7 ||    10
         Quarterstaff      |       |       |     1 |       ||     1
         Whip              |       |       |    34 |   165 ||   199
         Hand axe          |       |       |   112 |   352 ||   464
         Dire flail        |       |       |    12 |    14 ||    26
  Throw: Dart              |       |       |     9 |       ||     9
 Invoke: Vitalisation      |       |       |       |     1 ||     1
  Evoke: Wand              |       |       |     4 |    32 ||    36
         Lightning rod     |       |       |       |     7 ||     7
    Use: Potion            |       |     2 |     3 |     3 ||     8
         Scroll            |       |    13 |     8 |     7 ||    28
   Stab: Paralysed         |       |       |     6 |    12 ||    18
 Armour: Scale mail        |    71 |    98 |       |       ||   169
         Chain mail        |       |     8 |   165 |   357 ||   530
  Dodge: Dodged            |    52 |    68 |    66 |   159 ||   345
  Block: Buckler           |    23 |    27 |       |       ||    50
